 Dungeon Crawl Stone Soup version 0.22-a0-254-gaf95ca0 (webtiles) character file.

5501 mhoghedin the Fighter (level 10, -5/88 HPs)
             Began as a Gnoll Wanderer on Mar 4, 2018.
             Was a Believer of Cheibriados.
             Slain by a yak (11 damage)
             ... on level 1 of the Lair of Beasts.
             The game lasted 00:18:41 (9482 turns).

mhoghedin the Fighter (Gnoll Wanderer)              Turns: 9482, Time: 00:18:42

Health: -5/88      AC: 14    Str: 22    XL:     10   Next: 70%
Magic:  12/18      EV: 12    Int: 22    God:    Cheibriados [**....]
Gold:   138        SH:  0    Dex: 21    Spells: 15/19 levels left

rFire    . . .     SeeInvis .   a - +2 trident (freeze)
rCold    + . .     Gourm    .   (no shield)
rNeg     . . .     Faith    .   z - +2 chain mail {MR+}
rPois    .         Spirit   .   (no helmet)
rElec    .         Reflect  .   s - +0 cloak {+Inv}
rCorr    .         Harm     .   h - +0 pair of gloves
MR       +....                  (no boots)
Stlth    +.........             (no amulet)
HPRegen  0.24/turn              p - ring of wizardry {Wiz+, !d}
MPRegen  0.16/turn              m - ring of protection from cold {rC+, !d}

@: very slightly contaminated, very slow
A: distributed training, fangs 1, strong nose
a: Bend Time, Renounce Religion, Evoke Invisibility


You were on level 1 of the Lair of Beasts.
You worshipped Cheibriados.
Cheibriados was pleased with you.
You were not hungry.

You visited 3 branches of the dungeon, and saw 10 of its levels.
You also visited: Sewer.

You collected 340 gold pieces.
You spent 202 gold pieces at shops.

Inventory:

Hand Weapons
 a - a +2 trident of freezing (weapon)
   (You took it off an orc on level 3 of the Dungeon)
 b - a +0 blowgun
   (You took it off a kobold on level 8 of the Dungeon)
Missiles
 o - a throwing net {=f, !d}
 x - 4 curare-tipped needles
Armour
 h - a +0 pair of gloves (worn)
   (You found it on level 1 of the Dungeon)
 s - a +0 cloak of invisibility (worn)
   (You took it off Crazy Yiuf on level 5 of the Dungeon)
 z - a +2 chain mail of magic resistance (worn)
   (You bought it in a shop on level 5 of the Dungeon)
Magical Staves
 f - an uncursed staff of air {rElec}
   (You found it in a sewer)
Jewellery
 m - a ring of protection from cold (right hand) {rC+, !d}
   (You found it on level 4 of the Dungeon)
 p - a ring of wizardry (left hand) {Wiz+, !d}
   (You found it on level 3 of the Dungeon)
Wands
 g - a wand of flame (13)
   (You took it off Ijyb on level 5 of the Dungeon)
Scrolls
 e - a scroll of blinking {!r}
 i - 2 scrolls of random uselessness {unknown}
 k - 2 scrolls of teleportation
 l - 2 scrolls of immolation {unknown}
 n - a scroll of amnesia
 r - 4 scrolls of magic mapping {unknown}
 y - a scroll of remove curse {unknown}
Potions
 q - 2 potions of mutation {!q}
 t - 3 potions of cancellation
 u - a potion of resistance
Comestibles
 d - 2 rations


   Skills:
 + Level 11.5 Fighting
 + Level 6.1 Short Blades
 + Level 5.4 Long Blades
 + Level 5.4 Axes
 + Level 5.4 Maces & Flails
 + Level 5.4 Polearms
 + Level 5.4 Staves
 + Level 5.4 Slings
 + Level 5.4 Bows
 + Level 5.4 Crossbows
 + Level 7.2 Throwing
 + Level 6.1 Armour
 + Level 5.4 Dodging
 + Level 6.0 Stealth
 + Level 5.4 Shields
 + Level 5.4 Unarmed Combat
 + Level 5.4 Spellcasting
 + Level 4.4 Conjurations
 + Level 4.4 Hexes
 + Level 4.4 Charms
 + Level 4.4 Summonings
 + Level 4.4 Necromancy
 + Level 4.4 Translocations
 + Level 4.4 Transmutations
 + Level 4.4 Fire Magic
 + Level 4.4 Ice Magic
 + Level 4.4 Air Magic
 + Level 4.4 Earth Magic
 + Level 4.4 Poison Magic
 + Level 6.0 Invocations
 + Level 5.4 Evocations


You had 15 spell levels left.
You knew the following spells:

 Your Spells              Type           Power        Failure   Level  Hunger
a - Summon Lightning Spi  Summ/Air       ####....     41%         4    ####...


Dungeon Overview and Level Annotations

Branches:
Dungeon (8/15)             Temple (1/1) D:5            Lair (1/6) D:8

Altars:
Ashenzari
Cheibriados
Dithmenos
Elyvilon
Fedhas
Gozag
Hepliaklqana
Kikubaaqudgha
Makhleb
Nemelex Xobeh
Okawaru
Ru
Sif Muna
Trog
Uskayaw
Vehumet
Wu Jian
Xom
Yredelemnul
Zin
The Shining One

Shops:
D:5 [%%[

Annotations:
D:5 Duvessa


Innate Abilities, Weirdness & Mutations

Your experience applies equally to all skills.
You have very sharp teeth.
Your uncanny sense of smell can sniff out nearby items.


Message History

The yak misses you.
The porcupine twitches its whiskers.
The porcupine bites you but does no damage.
The yak gores you but does no damage. MP restored: 17 The yak gores you.
The porcupine bites you but does no damage.
You take 4 damage, and have 38/88 hp.
You hit the yak. You freeze the yak. You bite the yak, but do no damage.
You flicker for a moment.
The porcupine barely misses you. The yak closely misses you.
The flow of time bends around you.
The yak resists with some effort.
Cheibriados rebukes the porcupine.
The porcupine seems to slow down.
You feel slightly more hungry. The porcupine closely misses you.
The yak misses you.
You now have 14/17 mp.
You hit the yak. You freeze the yak. The porcupine barely misses you.
The yak closely misses you.
You hit the yak. You freeze the yak. You punch the yak.
The yak closely misses you. The porcupine barely misses you.
You hit the yak. You freeze the yak.
You flicker back into view.
The yak gores you!
The porcupine bites you but does no damage.
You take 7 damage, and have 32/88 hp.
You hit the yak. You freeze the yak. Your bite misses the yak.
The yak closely misses you.
You closely miss the yak.
The porcupine bites you but does no damage.
The yak gores you but does no damage.
You hit the yak but do no damage. You bite the yak, but do no damage.
The porcupine bites you!
* * * LOW HITPOINT WARNING * * *
The yak gores you but does no damage.
You take 9 damage, and have 23/88 hp.
You puncture the yak! You freeze the yak.
You kill the yak!
Cheibriados appreciates the change of pace.
The porcupine bites you but does no damage.
Aim: a porcupine (slow)
The puff of flame hits the porcupine.
The porcupine barely misses you.
You puncture the porcupine! You freeze the porcupine.
You kill the porcupine!
Cheibriados appreciates the change of pace.
You can now warp the flow of time around you.
Okay, then.
Unknown command.
It was a potion of curing.
You feel better. The yak gores you.
You regained 5 hp, and now have 28/88 hp.
Okay, then.
Unknown command.
Unknown command.
The flow of time bends around you.
Cheibriados rebukes the yak.
The yak seems to slow down.
You feel slightly more hungry.
You now have 13/18 mp.
You hit the yak but do no damage. Your bite misses the yak. The yak gores you.
You take 1 damage, and have 27/88 hp.
You completely miss the yak. The yak closely misses you.
The porcupine twitches its whiskers.
You puncture the yak! You freeze the yak. The yak closely misses you.
You puncture the yak! You freeze the yak. The yak gores you.
* * * LOW HITPOINT WARNING * * *
You take 6 damage, and have 22/88 hp.
The flow of time bends around you.
Cheibriados rebukes the yak.
The yak seems to slow down.
Cheibriados rebukes the yak.
The yak seems to slow down.
You feel slightly more hungry.
You can no longer warp the flow of time around you.
The yak gores you but does no damage. x2
You now have 10/18 mp.
Unknown command.
You hit the yak. You freeze the yak. The yak gores you.
* * * LOW HITPOINT WARNING * * *
You take 3 damage, and have 19/88 hp.
You hit the yak. You freeze the yak. The yak closely misses you.
You puncture the yak! You freeze the yak.
You kill the yak!
Cheibriados appreciates the change of pace.
Your Stealth skill increases to level 6!
Your Invocations skill increases to level 6!
The yak gores you but does no damage.
You barely miss the yak. You bite the yak. The porcupine barely misses you.
You puncture the yak! You freeze the yak. You punch the yak, but do no damage.
The porcupine bites you but does no damage.
The yak gores you.
* * * LOW HITPOINT WARNING * * *
You take 2 damage, and have 18/88 hp.
You completely miss the yak. The porcupine bites you.
* * * LOW HITPOINT WARNING * * *
The porcupine bites you but does no damage.
You hit the yak. You freeze the yak. The yak gores you but does no damage.
The porcupine bites you!
* * * LOW HITPOINT WARNING * * *
You take 11 damage, and have 7/88 hp.
You barely miss the yak. The porcupine bites you.
* * * LOW HITPOINT WARNING * * *
The yak gores you!
You die...

....PPP.......≈≈≈≈≈..
.......P.....≈≈≈≈≈≈≈.
........P.....≈≈≈≈≈≈.
.............<≈≈≈≈≈≈.
........#.#†..≈≈≈≈≈≈.
..........#...≈≈≈≈≈≈.
....###......≈≈≈≈≈≈..
....≈≈#r#....≈≈≈≈≈≈..
....#≈#@#....≈.≈≈....
....###.Y#...........
..P.....##..#........
....#..###...........
....... #..P#....#
....... ...##....
####... #...


You could see a yak and a porcupine.

Vanquished Creatures
  A hydra (Lair:1)
  A hippogriff (D:4)
  The ghost of asdu the Skirmisher, an amateur DDVM (D:4)
  A wyvern (D:8)
  3 yaks
  A hungry ghost (D:7)
  2 wargs (D:8)
  3 water moccasins
  A porcupine (Lair:1)
  A phantom (D:6)
  An ice beast (D:5)
  3 orc warriors
  A necrophage (D:7)
  6 ogres
  A centaur (D:7)
  2 big kobolds
  5 bullfrogs
  Dowan (D:5)
  A scorpion (D:5)
  5 crimson imps
  A bullfrog zombie (D:6)
  A quasit (D:7)
  Crazy Yiuf (D:5)
  A centaur skeleton (D:6)
  5 hounds
  7 orc priests
  A bullfrog skeleton (D:5)
  An iguana (D:8)
  Ijyb (D:5)
  3 orc wizards
  6 worker ants
  A hound zombie (D:3)
  2 hound skeletons
  A worker ant zombie (D:5)
  11 adders
  8 gnolls
  9 oozes
  An adder skeleton (D:6)
  5 dart slugs
  2 worms
  14 leopard geckos
  27 orcs
  11 ball pythons
  13 giant cockroaches
  11 goblins
  5 hobgoblins (D:1)
  9 jackals
  21 kobolds
  4 quokkas
  A ball python skeleton (D:4)
  5 bats
  14 frilled lizards
  A jackal zombie (D:3)
  A leopard gecko skeleton (D:6)
  16 rats
262 creatures vanquished.

Vanquished Creatures (others)
  A fungus (Lair:1)
1 creature vanquished.

Grand Total: 263 creatures vanquished

Notes
Turn   | Place    | Note
-------+----------+-------------------------------------------
     0 | D:1      | Reached skill level 10 in Fighting
     0 | D:1      | mhoghedin the Gnoll Wanderer began the quest for the Orb.
     0 | D:1      | mhoghedin set off with: a +2 short sword, a +0 hand axe, a +0 ring mail, a ration
     0 | D:1      | Reached XP level 1. HP: 28/28 MP: 1/1
    45 | D:1      | Reached XP level 2. HP: 27/36 MP: 2/2
   344 | D:1      | Reached XP level 3. HP: 42/42 MP: 3/3
   447 | D:1      | Reached skill level 1 in Invocations
   866 | D:2      | HP: 9/42 [worm (2)]
   868 | D:2      | Reached skill level 1 in Long Blades
   868 | D:2      | Reached skill level 1 in Axes
   868 | D:2      | Reached skill level 1 in Maces & Flails
   868 | D:2      | Reached skill level 1 in Polearms
   868 | D:2      | Reached skill level 1 in Staves
   868 | D:2      | Reached skill level 1 in Slings
   868 | D:2      | Reached skill level 1 in Bows
   868 | D:2      | Reached skill level 1 in Crossbows
   868 | D:2      | Reached skill level 1 in Dodging
   868 | D:2      | Reached skill level 1 in Shields
   868 | D:2      | Reached skill level 1 in Unarmed Combat
   868 | D:2      | Reached skill level 1 in Spellcasting
   868 | D:2      | Reached skill level 1 in Evocations
  1186 | D:2      | Reached XP level 4. HP: 48/48 MP: 5/5
  1482 | D:3      | Reached skill level 1 in Conjurations
  1482 | D:3      | Reached skill level 1 in Hexes
  1482 | D:3      | Reached skill level 1 in Charms
  1482 | D:3      | Reached skill level 1 in Summonings
  1482 | D:3      | Reached skill level 1 in Necromancy
  1482 | D:3      | Reached skill level 1 in Translocations
  1482 | D:3      | Reached skill level 1 in Transmutations
  1482 | D:3      | Reached skill level 1 in Fire Magic
  1482 | D:3      | Reached skill level 1 in Ice Magic
  1482 | D:3      | Reached skill level 1 in Air Magic
  1482 | D:3      | Reached skill level 1 in Earth Magic
  1482 | D:3      | Reached skill level 1 in Poison Magic
  1482 | D:3      | Reached XP level 5. HP: 46/54 MP: 6/6
  1723 | D:3      | Noticed an ogre
  1730 | D:3      | Killed an ogre
  1730 | D:3      | Reached skill level 3 in Short Blades
  1730 | D:3      | Reached skill level 3 in Armour
  1730 | D:3      | Reached XP level 6. HP: 61/61 MP: 8/8
  1786 | D:3      | HP: 22/91 [orc priest/divine providence (15)]
  1790 | D:3      | Reached skill level 3 in Stealth
  1790 | D:3      | Reached skill level 2 in Invocations
  1793 | D:3      | HP: 19/91 [orc priest/nerve-wracking pain (4)]
  2444 | D:4      | Noticed asdu's ghost (amateur DDVM)
  2450 | D:4      | Killed asdu's ghost
  2450 | D:4      | Reached skill level 2 in Long Blades
  2450 | D:4      | Reached skill level 2 in Axes
  2450 | D:4      | Reached skill level 2 in Maces & Flails
  2450 | D:4      | Reached skill level 2 in Polearms
  2450 | D:4      | Reached skill level 2 in Staves
  2450 | D:4      | Reached skill level 2 in Slings
  2450 | D:4      | Reached skill level 2 in Bows
  2450 | D:4      | Reached skill level 2 in Crossbows
  2450 | D:4      | Reached skill level 5 in Throwing
  2450 | D:4      | Reached skill level 2 in Dodging
  2450 | D:4      | Reached skill level 2 in Shields
  2450 | D:4      | Reached skill level 2 in Unarmed Combat
  2450 | D:4      | Reached skill level 2 in Spellcasting
  2450 | D:4      | Reached skill level 2 in Evocations
  2450 | D:4      | Reached XP level 7. HP: 66/67 MP: 8/10
  2536 | D:4      | Found a glowing drain.
  2557 | Sewer    | Entered a sewer
  2823 | Sewer    | Reached skill level 2 in Conjurations
  2823 | Sewer    | Reached skill level 2 in Hexes
  2823 | Sewer    | Reached skill level 2 in Charms
  2823 | Sewer    | Reached skill level 2 in Summonings
  2823 | Sewer    | Reached skill level 2 in Necromancy
  2823 | Sewer    | Reached skill level 2 in Translocations
  2823 | Sewer    | Reached skill level 2 in Transmutations
  2823 | Sewer    | Reached skill level 2 in Fire Magic
  2823 | Sewer    | Reached skill level 2 in Ice Magic
  2823 | Sewer    | Reached skill level 2 in Air Magic
  2823 | Sewer    | Reached skill level 2 in Earth Magic
  2823 | Sewer    | Reached skill level 2 in Poison Magic
  2941 | Sewer    | HP: 14/67 [leopard gecko (4)]
  3531 | D:3      | Reached skill level 3 in Invocations
  3767 | D:4      | Reached XP level 8. HP: 74/74 MP: 12/12
  3782 | D:4      | Noticed a hippogriff
  3792 | D:4      | HP: 18/74 [hippogriff (5)]
  3793 | D:4      | HP: 8/74 [hippogriff (6)]
  3794 | D:4      | Killed a hippogriff
  3794 | D:4      | Reached skill level 4 in Short Blades
  3794 | D:4      | Reached skill level 3 in Long Blades
  3794 | D:4      | Reached skill level 3 in Axes
  3794 | D:4      | Reached skill level 3 in Maces & Flails
  3794 | D:4      | Reached skill level 3 in Polearms
  3794 | D:4      | Reached skill level 3 in Staves
  3794 | D:4      | Reached skill level 3 in Slings
  3794 | D:4      | Reached skill level 3 in Bows
  3794 | D:4      | Reached skill level 3 in Crossbows
  3794 | D:4      | Reached skill level 4 in Armour
  3794 | D:4      | Reached skill level 3 in Dodging
  3794 | D:4      | Reached skill level 3 in Shields
  3794 | D:4      | Reached skill level 3 in Unarmed Combat
  3794 | D:4      | Reached skill level 3 in Spellcasting
  3794 | D:4      | Reached skill level 3 in Evocations
  3804 | D:4      | HP: 2/74 [gnoll/flail (8)]
  4258 | D:4      | Reached skill level 4 in Stealth
  4484 | D:4      | Found a bloodstained altar of Trog.
  4772 | D:5      | Entered Level 5 of the Dungeon
  4891 | D:5      | Found Zoxan's Antique Armour Emporium.
  4897 | D:5      | Bought a shiny chain mail for 202 gold pieces
  4923 | D:5      | Found Jahomn's Food Shoppe.
  4940 | D:5      | Found Tufibire's Assorted Antiques.
  4958 | D:5      | Found a staircase to the Ecumenical Temple.
  4965 | Temple   | Entered the Ecumenical Temple
  5097 | Temple   | Became a worshipper of Cheibriados the Contemplative
  5134 | D:5      | Noticed Ijyb
  5143 | D:5      | Killed Ijyb
  5144 | D:5      | Found Vilitef's Food Boutique.
  5173 | D:5      | Found Qysiux's Antique Armour Shoppe.
  5210 | D:5      | Found a shadowy altar of Dithmenos.
  5347 | D:5      | Reached skill level 4 in Invocations
  5360 | D:5      | Reached skill level 3 in Conjurations
  5360 | D:5      | Reached skill level 3 in Hexes
  5360 | D:5      | Reached skill level 3 in Charms
  5360 | D:5      | Reached skill level 3 in Summonings
  5360 | D:5      | Reached skill level 3 in Necromancy
  5360 | D:5      | Reached skill level 3 in Translocations
  5360 | D:5      | Reached skill level 3 in Transmutations
  5360 | D:5      | Reached skill level 3 in Fire Magic
  5360 | D:5      | Reached skill level 3 in Ice Magic
  5360 | D:5      | Reached skill level 3 in Air Magic
  5360 | D:5      | Reached skill level 3 in Earth Magic
  5360 | D:5      | Reached skill level 3 in Poison Magic
  5399 | D:5      | Found a runed door.
  5542 | D:5      | Found an ornate altar of the Wu Jian Council.
  5547 | D:5      | Noticed Dowan
  5548 | D:5      | Noticed Duvessa
  5561 | D:5      | Killed Dowan
  5561 | D:5      | Reached XP level 9. HP: 74/79 MP: 14/14
  5609 | D:5      | Reached skill level 11 in Fighting
  5609 | D:5      | Reached skill level 6 in Throwing
  5778 | D:5      | Noticed Crazy Yiuf
  5782 | D:5      | Killed Crazy Yiuf
  6184 | D:6      | Reached skill level 4 in Long Blades
  6184 | D:6      | Reached skill level 4 in Axes
  6184 | D:6      | Reached skill level 4 in Maces & Flails
  6184 | D:6      | Reached skill level 4 in Polearms
  6184 | D:6      | Reached skill level 4 in Staves
  6184 | D:6      | Reached skill level 4 in Slings
  6184 | D:6      | Reached skill level 4 in Bows
  6184 | D:6      | Reached skill level 4 in Crossbows
  6184 | D:6      | Reached skill level 4 in Dodging
  6184 | D:6      | Reached skill level 4 in Shields
  6184 | D:6      | Reached skill level 4 in Unarmed Combat
  6184 | D:6      | Reached skill level 4 in Spellcasting
  6184 | D:6      | Reached skill level 4 in Evocations
  6617 | D:7      | Learned a level 4 spell: Summon Lightning Spire
  6673 | D:7      | Reached * piety under Cheibriados
  6685 | D:7      | Found a burning altar of Makhleb.
  6723 | D:7      | Reached skill level 5 in Short Blades
  6723 | D:7      | Reached skill level 5 in Armour
  7061 | D:7      | Reached skill level 5 in Stealth
  7210 | D:7      | Reached skill level 5 in Invocations
  7568 | D:7      | Reached ** piety under Cheibriados
  7642 | D:8      | Reached XP level 10. HP: 85/88 MP: 17/17
  7960 | D:8      | Reached skill level 4 in Conjurations
  7960 | D:8      | Reached skill level 4 in Hexes
  7960 | D:8      | Reached skill level 4 in Charms
  7960 | D:8      | Reached skill level 4 in Summonings
  7960 | D:8      | Reached skill level 4 in Necromancy
  7960 | D:8      | Reached skill level 4 in Translocations
  7960 | D:8      | Reached skill level 4 in Transmutations
  7960 | D:8      | Reached skill level 4 in Fire Magic
  7960 | D:8      | Reached skill level 4 in Ice Magic
  7960 | D:8      | Reached skill level 4 in Air Magic
  7960 | D:8      | Reached skill level 4 in Earth Magic
  7960 | D:8      | Reached skill level 4 in Poison Magic
  8099 | D:8      | Reached skill level 5 in Long Blades
  8099 | D:8      | Reached skill level 5 in Axes
  8099 | D:8      | Reached skill level 5 in Maces & Flails
  8099 | D:8      | Reached skill level 5 in Polearms
  8099 | D:8      | Reached skill level 5 in Staves
  8099 | D:8      | Reached skill level 5 in Slings
  8099 | D:8      | Reached skill level 5 in Bows
  8099 | D:8      | Reached skill level 5 in Crossbows
  8099 | D:8      | Reached skill level 5 in Dodging
  8099 | D:8      | Reached skill level 5 in Shields
  8099 | D:8      | Reached skill level 5 in Unarmed Combat
  8099 | D:8      | Reached skill level 5 in Spellcasting
  8099 | D:8      | Reached skill level 5 in Evocations
  8265 | D:8      | Found a staircase to the Lair.
  8681 | D:8      | Reached *** piety under Cheibriados
  8801 | D:8      | Found an ancient bone altar of Kikubaaqudgha.
  8801 | D:8      | Found a hazy altar of Hepliaklqana.
  8806 | D:8      | Found a faded altar of an unknown god.
  8808 | D:8      | Found a white marble altar of Elyvilon.
  8810 | D:8      | Found a faded altar of an unknown god.
  8914 | Lair:1   | Entered Level 1 of the Lair of Beasts
  8926 | Lair:1   | Noticed a six-headed hydra
  8931 | Lair:1   | HP: 21/88 [six-headed hydra (5)]
  8933 | Lair:1   | HP: 9/88 [six-headed hydra (5)]
  8933 | Lair:1   | HP: 2/88 [six-headed hydra (7)]
  9257 | Lair:1   | Killed a six-headed hydra
  9257 | Lair:1   | Reached skill level 7 in Throwing
  9269 | D:8      | Reached skill level 6 in Short Blades
  9269 | D:8      | Reached skill level 6 in Armour
  9473 | Lair:1   | HP: 22/88 [yak (6)]
  9477 | Lair:1   | Reached skill level 6 in Stealth
  9477 | Lair:1   | Reached skill level 6 in Invocations
  9479 | Lair:1   | HP: 18/88 [yak (2)]
  9481 | Lair:1   | HP: 7/88 [porcupine (11)]
  9482 | Lair:1   | Slain by a yak

Vault maps used:
D:1:      lightli_arrival_farm, serial_glass, glass_columns_b, glass_columns_c,
          glass_columns_a, glass_columns_b, glass_columns_b, glass_columns_b
D:2:      first_ration
D:4:      marbit_many_paths, gup_sewer_entry_bowl
D:5:      temple_green, basic_altar, serial_shops, nicolae_shop_stone,
          nicolae_shop_waterfront, nicolae_shop_crystal, shop,
          nicolae_shop_waterfront, amethyst_killhole, st_stairs_12,
          nicolae_dithmenos_shadow_blocks, uniq_crazy_yiuf_cottage,
          uniq_duvessa, uniq_ijyb
D:7:      lemuel_doored_altar
D:8:      chequers_temple_overflow_minitemple, erik_lair_orcish_takeover
Temple:   eino_temple_rhombus
Lair:1:   lemuel_fruit_fields, infiniplex_staircase_pool
Sewer:    sewer_frog_island_02

Skill      XL: |  1  2  3  4  5  6  7  8  9 10 |
---------------+-------------------------------+-----
Fighting       | 11 | 11.5
Invocations    | 1 2 3 4 5 6 |  6.0
Long Blades    | 1 2 3 4 5 |  5.4
Axes           | 1 2 3 4 5 |  5.4
Maces & Flails | 1 2 3 4 5 |  5.4
Polearms       | 1 2 3 4 5 |  5.4
Staves         | 1 2 3 4 5 |  5.4
Slings         | 1 2 3 4 5 |  5.4
Bows           | 1 2 3 4 5 |  5.4
Crossbows      | 1 2 3 4 5 |  5.4
Dodging        | 1 2 3 4 5 |  5.4
Shields        | 1 2 3 4 5 |  5.4
Unarmed Combat | 1 2 3 4 5 |  5.4
Spellcasting   | 1 2 3 4 5 |  5.4
Evocations     | 1 2 3 4 5 |  5.4
Conjurations   | 1 2 3 4 |  4.4
Hexes          | 1 2 3 4 |  4.4
Charms         | 1 2 3 4 |  4.4
Summonings     | 1 2 3 4 |  4.4
Necromancy     | 1 2 3 4 |  4.4
Translocations | 1 2 3 4 |  4.4
Transmutations | 1 2 3 4 |  4.4
Fire Magic     | 1 2 3 4 |  4.4
Ice Magic      | 1 2 3 4 |  4.4
Air Magic      | 1 2 3 4 |  4.4
Earth Magic    | 1 2 3 4 |  4.4
Poison Magic   | 1 2 3 4 |  4.4
Short Blades   | 3 4 5 6 |  6.1
Armour         | 3 4 5 6 |  6.1
Stealth        | 3 4 5 6 |  6.0
Throwing       | 5 6 7 |  7.2

Action                   |  1- 3 |  4- 6 |  7- 9 | 10-12 || total
-------------------------+-------+-------+-------+-------++-------
Melee: Short sword       |   105 |   123 |   198 |       ||   426
       Bite              |    15 |    12 |    53 |    31 ||   111
       Trident           |       |       |   385 |   154 ||   539
       Punch             |       |       |     8 |     8 ||    16
Invok: Bend Time         |       |       |     1 |     4 ||     5
 Abil: Evoke Invisibilit |       |       |       |     5 ||     5
Evoke: Wand              |       |       |     3 |     2 ||     5
  Use: Scroll            |     1 |     3 |     8 |     2 ||    14
       Potion            |       |     5 |       |     3 ||     8
 Stab: Sleeping          |       |     3 |     2 |       ||     5
       Invisible         |       |       |       |     6 ||     6
  Eat: Ration            |     1 |       |     4 |     1 ||     6
       Chunk             |       |     1 |     8 |     3 ||    12
Armor: Ring mail         |    40 |    36 |   116 |       ||   192
       Chain mail        |       |       |   150 |    81 ||   231
Dodge: Dodged            |    61 |    52 |   337 |   110 ||   560

Table legend:
 A = Spawn XP
 B = Non-spawn XP
 C = Spawn XP percentage of total XP
 D = Spawn monster count
 E = Non-spawn monster count
 F = Spawn count percentage of total count
 G = Total turns spent on level
                    A         B        C        D         E        F      G
               +---------+---------+-------+---------+---------+-------+---------
         Total |       0 |    7859 |   0.0 |       0 |     262 |   0.0 |  9482
               +---------+---------+-------+---------+---------+-------+---------
           D:1 |       0 |      68 |   0.0 |       0 |      29 |   0.0 |   729
           D:2 |       0 |      40 |   0.0 |       0 |      15 |   0.0 |   714
           D:3 |       0 |     367 |   0.0 |       0 |      30 |   0.0 |  1688
           D:4 |       0 |     887 |   0.0 |       0 |      31 |   0.0 |   958
           D:5 |       0 |     851 |   0.0 |       0 |      24 |   0.0 |   891
           D:6 |       0 |     505 |   0.0 |       0 |      12 |   0.0 |   790
           D:7 |       0 |    1460 |   0.0 |       0 |      36 |   0.0 |  1015
           D:8 |       0 |    1654 |   0.0 |       0 |      29 |   0.0 |  1784
        Lair:1 |       0 |    1678 |   0.0 |       0 |       5 |   0.0 |    80
         Sewer |       0 |     349 |   0.0 |       0 |      51 |   0.0 |   683
               +---------+---------+-------+---------+---------+-------+---------

Vault maps used:
D:1:      lightli_arrival_farm, serial_glass, glass_columns_b, glass_columns_c,
          glass_columns_a, glass_columns_b, glass_columns_b, glass_columns_b
D:2:      first_ration
D:4:      marbit_many_paths, gup_sewer_entry_bowl
D:5:      temple_green, basic_altar, serial_shops, nicolae_shop_stone,
          nicolae_shop_waterfront, nicolae_shop_crystal, shop,
          nicolae_shop_waterfront, amethyst_killhole, st_stairs_12,
          nicolae_dithmenos_shadow_blocks, uniq_crazy_yiuf_cottage,
          uniq_duvessa, uniq_ijyb
D:7:      lemuel_doored_altar
D:8:      chequers_temple_overflow_minitemple, erik_lair_orcish_takeover
Temple:   eino_temple_rhombus
Lair:1:   lemuel_fruit_fields, infiniplex_staircase_pool
Sewer:    sewer_frog_island_02

Table legend:
 A = Turns spent in this place as a percentage of turns spent in the entire game.
 B = Non-inter-level travel turns spent in this place as a percentage of non-inter-level travel turns spent in the entire game.
 C = Inter-level travel turns spent in this place as a percentage of turns spent in this place.
 D = Turns resting spent in this place as a percentage of non-inter-level travel turns spent in this place.
 E = Turns spent auto-exploring this place as a percentage of non-inter-level travel turns spent in this place.
 F = Non-inter-level travel turns spent in this place divided by the number of levels of this place that you've seen.
                   A       B       C       D       E      F
               +-------+-------+-------+-------+-------+----------------------
         Total | 100.0 | 100.0 |   3.2 |  36.2 |  43.3 | 834.6
       Dungeon |  90.4 |  90.4 |   3.2 |  36.4 |  45.3 | 1037.4
        Temple |   1.6 |   1.3 |  20.7 |   0.0 |  97.5 | 119.0
          Lair |   0.8 |   0.9 |   0.0 |   0.0 |   1.2 |  80.0
         Sewer |   7.2 |   7.4 |   0.0 |  44.1 |  14.6 | 683.0
               +-------+-------+-------+-------+-------+----------------------

Table legend:
 A = Kills in this place as a percentage of kills in entire the game.
 B = Kills by you in this place as a percentage of kills by you in the entire game.
 C = Kills by friends in this place as a percentage of kills by friends in the entire game.
 D = Other kills in this place as a percentage of other kills in the entire game.
 E = Experience gained in this place as a percentage of experience gained in the entire game.
 F = Experience gained in this place divided by the number of levels of this place that you have seen.
                   A       B       C       D       E      F
               +-------+-------+-------+-------+-------+----------------------
         Total | 100.0 | 100.0 |   N/A |   N/A | 100.0 | 714.5
       Dungeon |  78.6 |  78.6 |   N/A |   N/A |  74.2 | 729.0
          Lair |   1.9 |   1.9 |   N/A |   N/A |  21.4 | 1678.0
         Sewer |  19.5 |  19.5 |   N/A |   N/A |   4.4 | 349.0
               +-------+-------+-------+-------+-------+----------------------
